Map: Abyssal Reef LE

Players

Railgan - Winner!

  • Race: Zerg Zerg
  • League: Grandmaster
  • Spawn Location: 11:00

Fluxior

  • Race: Protoss Protoss
  • League: Master
  • Spawn Location: 5:00

VOD

Have the link to the VOD?

Description

Time

  • Played on: March 13, 2017, 4:24 p.m.
  • Length: 7:08
Show
View Real Time Build Order
Export as new Build Order

Railgan Zerg - Winner!

Build Orders: Hatch First 

Get SALT Encoding   

  12  0:01  Drone  
  13  0:13  Overlord  
  13  0:17  Drone  
  14  0:31  Drone x2  
  16  0:39  Drone  
  17  0:45  Drone  
  18  1:00  Extractor, Drone, Hatchery  
  17  1:15  Spawning Pool  
  16  1:21  Drone x2  
  18  1:29  Drone  
  19  1:40  Drone  
  20  1:50  Overlord  
  20  2:04  Queen  
  22  2:09  Zergling x2  
  22  2:12  Zergling x4  
  25  2:16  Queen  
  27  2:24  Drone x2  
  27  2:28  Metabolic Boost  
  29  2:35  Drone x2  
  31  2:39  Queen  
  33  2:44  Overlord  
  33  2:55  Drone x3, Evolution Chamber  
  35  3:06  Zergling x2  
  35  3:09  Overlord  
  36  3:18  Drone x2  
  36  3:19  Drone  
  39  3:23  Drone  
  39  3:24  Zerg Melee Weapons Level 1  
  40  3:28  Drone x2  
  40  3:29  Drone  
  43  3:36  Drone  
  43  3:38  Extractor, Drone  
  44  3:42  Lair  
  44  3:47  Overlord  
  44  3:49  Drone x2  
  44  3:50  Drone  
  47  3:56  Roach Warren  
  47  3:58  Drone  
  47  3:59  Drone  
  48  4:05  Zergling x2  
  48  4:06  Zergling x2  
  48  4:07  Drone  
  48  4:09  Drone x2  
  53  4:10  Overlord  
  52  4:17  Drone  
  52  4:24  Drone x3  
  55  4:27  Extractor  
  55  4:29  Zergling x4  
  54  4:35  Queen  
  54  4:37  Roach x2  
  60  4:42  Queen  
  60  4:43  Glial Reconstitution  
  62  4:50  Roach  
  62  4:51  Zergling x2  
  62  4:52  Overlord  
  65  4:55  Zergling x6  
  65  4:56  Overlord  
  65  4:59  Extractor  
  67  5:00  Overlord  
  67  5:05  Drone  
  68  5:10  Overlord  
  67  5:17  Drone  
  67  5:28  Zergling x10  
  68  5:33  Drone x2  
  74  5:39  Roach  
  74  5:41  Infestation Pit  
  75  5:45  Hatchery  
  75  5:47  Zergling x4  
  75  5:48  Drone  
  76  6:00  Roach x3  
  76  6:02  Ravager x4  
  76  6:03  Overlord  
  86  6:11  Zergling x2  
  86  6:12  Zergling x6  
  86  6:17  Zergling x4  
  92  6:25  Zergling x2  
  92  6:26  Zergling x2  
  92  6:30  Ravager x2  
  92  6:31  Overlord  
  96  6:34  Zergling x4  
  96  6:37  Zergling x2  
  99  6:43  Zergling x2  
  99  6:45  Zergling x6  
  102  6:50  Zergling x4  
Show
View Real Time Build Order
Export as new Build Order

Fluxior Protoss 

Build Orders: 1 Gate Expand 

Get SALT Encoding   

  12  0:00  Probe (Chrono Boost)  
  13  0:11  Probe (Chrono Boost)  
  14  0:19  Pylon  
  14  0:22  Probe (Chrono Boost)  
  15  0:37  Probe (Chrono Boost)  
  15  0:39  Gateway  
  16  0:47  Probe (Chrono Boost)  
  17  0:50  Assimilator  
  17  0:58  Probe (Chrono Boost)  
  18  1:08  Probe (Chrono Boost)  
  19  1:19  Probe (Chrono Boost)  
  20  1:29  Nexus  
  21  1:39  Cybernetics Core  
  20  1:42  Probe (Chrono Boost)  
  21  1:47  Assimilator  
  21  1:53  Probe (Chrono Boost)  
  22  1:57  Pylon  
  22  2:04  Probe (Chrono Boost)  
  23  2:15  Adept  
  23  2:18  Warp Gate  
  23  2:22  Robotics Facility  
  25  2:27  Probe (Chrono Boost)  
  26  2:43  Adept  
  28  2:49  Probe (Chrono Boost)  
  28  2:51  Mothership Core (Chrono Boost)  
  30  2:57  Gateway  
  30  3:09  Immortal  
  34  3:21  Pylon  
  34  3:24  Adept  
  38  3:35  Probe x2 (Chrono Boost)  
  38  3:46  Immortal  
  44  4:01  Probe (Chrono Boost)  
  44  4:02  Probe (Chrono Boost)  
  44  4:05  Twilight Council  
  34  4:25  Immortal  
  38  4:35  Probe (Chrono Boost)  
  38  4:41  Probe (Chrono Boost)  
  39  4:47  Probe (Chrono Boost)  
  41  4:53  Probe (Chrono Boost)  
  41  4:58  Probe (Chrono Boost)  
  42  5:03  Probe (Chrono Boost)  
  43  5:09  Adept x2  
  47  5:16  Probe x2 (Chrono Boost)  
  47  5:21  Warp Prism  
  51  5:29  Sentry  
  51  5:34  Pylon  
  53  5:38  Probe (Chrono Boost)  
  54  5:54  Gateway  
  54  5:56  Gateway x2  
  54  6:06  Pylon  
  54  6:15  Adept x2  
  58  6:38  Adept  
  60  6:41  Adept  
  56  6:51  Adept x3  
  62  6:56  Probe x2 (Chrono Boost)  
Tags
 
Add a new tag
Caveats
  • Supply blocks, unpowered buildings, or Contaminate may cause inaccurate times.
  • Supply counts are checked every 10 seconds.